Map: Dusty Gorge

Players

Darling

  • Race: Zerg Zerg
  • Spawn Location: 3:00

llllllllllll

  • Race: Protoss Protoss
  • Spawn Location: 5:00

Weon - Winner!

  • Race: Zerg Zerg
  • Spawn Location: 9:00

PureLegacy - Winner!

  • Race: Terran Terran
  • Spawn Location: 11:00

VOD

Have the link to the VOD?

Description

Time

  • Played on: Nov. 24, 2018, 8:50 a.m.
  • Length: 5:59
Show
View Real Time Build Order
Export as new Build Order

Darling Zerg 

Build Orders: Hatch First 

Get SALT Encoding   

  12  0:01  Drone  
  13  0:13  Overlord  
  13  0:18  Drone  
  14  0:32  Drone x2  
  17  0:35  Drone  
  17  0:54  Hatchery  
  16  0:57  Drone  
  16  1:00  Drone  
  18  1:10  Extractor  
  17  1:16  Spawning Pool  
  16  1:19  Drone  
  16  1:23  Drone  
  18  1:30  Drone  
  19  1:46  Drone  
  20  2:05  Queen, Zergling x4  
  20  2:07  Queen  
  27  2:08  Drone  
  27  2:12  Overlord  
  27  2:14  Metabolic Boost  
  27  2:18  Drone  
  28  2:38  Drone  
  28  2:39  Drone x2  
  28  2:40  Drone  
  28  2:43  Roach Warren  
  31  2:47  Overlord  
  31  2:51  Drone  
  31  2:56  Overlord  
  32  3:10  Zergling x4  
  34  3:15  Zergling x2  
  34  3:16  Zergling x8  
  34  3:19  Zergling x4  
    4:54  Drone x6  
    4:56  Drone x2  
  8  5:12  Spine Crawler  
  7  5:15  Spine Crawler  
  7  5:16  Spine Crawler x2  
  7  5:17  Spine Crawler  
  7  5:19  Spine Crawler  
    5:41  Drone  
Show
View Real Time Build Order
Export as new Build Order

llllllllllll Protoss 

Build Orders:  

Get SALT Encoding   

  1  0:00  Probe  
  12  0:06  Probe  
  14  0:19  Pylon  
  14  0:21  Probe  
  15  0:38  Forge  
  15  0:40  Probe  
  16  0:48  Assimilator  
  16  0:53  Probe  
  17  1:01  Probe  
  17  1:09  Pylon  
  18  1:50  Photon Cannon  
  17  1:58  Photon Cannon  
  17  2:00  Photon Cannon  
  17  2:02  Photon Cannon  
  17  2:03  Photon Cannon  
  17  2:07  Photon Cannon  
  16  2:13  Probe  
  17  2:23  Probe  
  18  2:31  Probe  
  18  2:33  Photon Cannon  
  18  2:37  Photon Cannon  
  19  2:39  Gateway  
  19  2:40  Probe  
  19  2:44  Assimilator  
  20  2:49  Assimilator  
  20  2:52  Probe  
  21  3:02  Probe  
  22  3:10  Probe  
  23  3:55  Probe  
  23  4:08  Photon Cannon, Pylon  
  23  4:11  Photon Cannon x2  
  23  4:15  Photon Cannon  
  23  4:18  Photon Cannon  
  23  4:20  Pylon  
  4  4:42  Photon Cannon  
Show
View Real Time Build Order
Export as new Build Order

Weon Zerg - Winner!

Build Orders: Hatch First, Zergling Baneling 

Get SALT Encoding   

  12  0:01  Drone  
  13  0:13  Overlord  
  13  0:18  Drone  
  14  0:31  Drone x2  
  14  0:35  Drone  
  17  0:57  Drone  
  17  0:59  Hatchery  
  17  1:01  Drone  
  18  1:04  Extractor  
  17  1:18  Spawning Pool  
  16  1:27  Drone  
  17  1:44  Drone x2  
  17  1:45  Drone  
  20  1:55  Overlord  
  20  2:05  Queen  
  22  2:10  Queen  
  22  2:11  Zergling x2  
  22  2:12  Zergling x2  
  26  2:19  Metabolic Boost  
  26  2:24  Zergling x4  
  26  2:29  Zergling x2  
  29  2:36  Baneling Nest  
  28  2:39  Zergling x2  
  28  2:40  Zergling x2  
  31  2:44  Zergling x2  
  31  2:50  Zergling x2  
  32  2:56  Zergling x2  
  33  2:59  Overlord  
  33  3:09  Zergling x2  
  34  3:17  Zergling x2  
  34  3:19  Zergling x2  
  36  3:20  Overlord  
  36  3:23  Zergling x2  
  36  3:24  Zergling x4  
  37  3:28  Drone  
  38  3:40  Zergling x2  
  38  3:41  Zergling x6  
  38  3:45  Drone  
  41  3:50  Overlord  
  41  3:54  Drone  
  42  4:01  Baneling  
  42  4:02  Baneling x4  
  42  4:03  Baneling  
  42  4:05  Baneling  
  42  4:06  Baneling  
  42  4:08  Baneling  
  42  4:09  Baneling  
  42  4:11  Baneling  
  42  4:17  Overlord  
  38  4:43  Zergling x2  
  33  4:45  Zergling x2  
  33  4:46  Zergling x16  
  33  4:50  Drone  
  43  4:53  Drone  
  43  4:56  Drone  
  45  5:00  Drone  
  45  5:07  Drone  
  47  5:10  Drone  
  48  5:20  Drone  
  49  5:27  Drone x5  
  54  5:31  Drone x2  
  55  5:39  Baneling  
  55  5:40  Baneling x9  
  57  5:54  Extractor  
  57  5:55  Extractor  
Show
View Real Time Build Order
Export as new Build Order

PureLegacy Terran - Winner!

Build Orders:  

Get SALT Encoding   

  12  0:00  SCV  
  13  0:13  SCV  
  14  0:19  Supply Depot  
  14  0:20  Supply Depot  
  14  0:25  SCV  
  15  0:31  Refinery  
  15  0:42  SCV  
  16  0:48  Barracks  
  16  0:54  SCV  
  17  1:05  Barracks  
  17  1:22  Barracks  
  17  1:37  Reaper  
  18  1:53  Reaper  
  19  2:10  Reaper  
  19  2:14  Reaper  
  21  2:29  Reaper  
  22  2:45  Supply Depot  
  22  2:48  Reaper  
  23  2:53  Refinery  
  23  3:02  Orbital Command  
  23  3:07  Reaper  
  24  3:22  Reaper  
  24  3:25  Supply Depot  
  25  3:33  SCV  
  26  3:41  Reaper  
  27  3:47  Reaper  
  27  3:48  SCV  
  29  3:57  Reaper  
  29  4:00  SCV  
  31  4:20  Reaper x2  
  31  4:23  Command Center  
  33  4:25  SCV  
  33  4:41  Reaper  
  34  4:49  SCV  
  34  4:51  Supply Depot  
  35  4:53  Reaper  
  35  4:54  Reaper  
  37  5:01  SCV  
  38  5:13  Reaper  
  39  5:17  Barracks  
  39  5:18  Barracks  
  39  5:24  SCV  
  39  5:26  Reaper  
Tags
 
Add a new tag
Caveats
  • Supply blocks, unpowered buildings, or Contaminate may cause inaccurate times.
  • Supply counts are checked every 10 seconds.